TOP OF THE 1ST |
Colorado Springs Sky Sox batting - Pitching for Louisville Bats : RHP Sam Alexander
|
Pitching: RHP Sam Alexander
|
|
Batting: LHB Steve Gilliam
|
0-0: Ball 1-0: Called Strike 1-1: Ball 2-1: Foul Ball, location: 2F 2-2: Strikes out looking
|
Batting: RHB Ryan Rinaldi
|
0-0: Called Strike 0-1: Ball 1-1: Ground out 6-3 (Groundball, 6, EV 107.5 MPH)
|
Batting: LHB Chris Salim
|
0-0: Swinging Strike 0-1: Ball 1-1: Called Strike 1-2: Fly out, F8 (Flyball, 8RD, EV 93.1 MPH)
|
Top of the 1st over - 0 runs, 0 hits, 0 errors, 0 left on base; Colorado Springs 0 - Louisville 0 |
BOTTOM OF THE 1ST |
Louisville Bats batting - Pitching for Colorado Springs Sky Sox : RHP Dave Spriggs
|
Pitching: RHP Dave Spriggs
|
|
Batting: SHB Bryan Johnston
|
0-0: Ball 1-0: Swinging Strike 1-1: Swinging Strike 1-2: Strikes out looking
|
Batting: RHB Eric Sullivan
|
0-0: Ball 1-0: Ball 2-0: Called Strike 2-1: Swinging Strike 2-2: Ball 3-2: Foul Ball, location: 2F 3-2: Foul Ball, location: 2F 3-2: Ground out 5-3 (Groundball, 56S, EV 88.1 MPH)
|
Batting: SHB Greg Prime
|
0-0: Foul Ball, location: 2F 0-1: Swinging Strike 0-2: Ball 1-2: Strikes out looking
|
Bottom of the 1st over - 0 runs, 0 hits, 0 errors, 0 left on base; Colorado Springs 0 - Louisville 0 |
TOP OF THE 2ND |
Colorado Springs Sky Sox batting - Pitching for Louisville Bats : RHP Sam Alexander
|
Batting: LHB Michael Krott
|
0-0: Foul Ball, location: 2F 0-1: Foul Ball, location: 2F 0-2: Ball 1-2: Foul Ball, location: 2F 1-2: Ground out 1-3 (Groundball, 15S, EV 68.8 MPH)
|
Batting: SHB Andy Vivas
|
0-0: Ball 1-0: Swinging Strike 1-1: Ball 2-1: Ball 3-1: Foul Ball, location: 2F 3-2: Strikes out looking
|
Batting: SHB Chris Besselman
|
0-0: Ball 1-0: Ground out U3 (Groundball, 3, EV 104.4 MPH)
|
Top of the 2nd over - 0 runs, 0 hits, 0 errors, 0 left on base; Colorado Springs 0 - Louisville 0 |
BOTTOM OF THE 2ND |
Louisville Bats batting - Pitching for Colorado Springs Sky Sox : RHP Dave Spriggs
|
Batting: RHB Juan Reyes
|
0-0: Ball 1-0: Called Strike 1-1: Foul Ball, location: 2F 1-2: Fly out, F7 (Flyball, 7LSF, EV 82.5 MPH)
|
Batting: RHB Chase Briney
|
0-0: Ball 1-0: Ball 2-0: Called Strike 2-1: Swinging Strike 2-2: Fly out, F8 (Flyball, 89D, EV 111.2 MPH)
|
Batting: RHB Colin Lord
|
0-0: Foul Ball, location: 2F 0-1: Foul Ball, location: 2F 0-2: Foul Ball, location: 2F 0-2: Ball 1-2: Strikes out swinging
|
Bottom of the 2nd over - 0 runs, 0 hits, 0 errors, 0 left on base; Colorado Springs 0 - Louisville 0 |
TOP OF THE 3RD |
Colorado Springs Sky Sox batting - Pitching for Louisville Bats : RHP Sam Alexander
|
Batting: RHB Justin Williams
|
0-0: Ball 1-0: Called Strike 1-1: Called Strike 1-2: Ball 2-2: Ball 3-2: Base on Balls
|
Batting: SHB Bobby Santor
|
0-0: Foul Ball, location: 2F 0-1: Foul Ball, location: 2F 0-2: Ball 1-2: Foul Ball, location: 2F 1-2: Foul Ball, location: 2F 1-2: Strikes out swinging
|
Batting: RHB Devine Adams
|
0-0: Called Strike 0-1: Ball 1-1: Ball Wild Pitch! Justin Williams to second 2-1: Ball 3-1: Fly out, F8 (Flyball, 8LXD, EV 105.6 MPH) Runner from 2nd tags up, SAFE at 3rd, no throw by CF
|
Batting: LHB Steve Gilliam
|
0-0: Called Strike 0-1: Called Strike 0-2: Ball 1-2: TRIPLE (Flyball, 7D, EV 90.0 MPH) Justin Williams scores
|
Batting: RHB Ryan Rinaldi
|
0-0: Ball 1-0: Ball 2-0: Called Strike 2-1: Swinging Strike 2-2: Strikes out swinging
|
Top of the 3rd over - 1 run, 1 hit, 0 errors, 1 left on base; Colorado Springs 1 - Louisville 0 |
BOTTOM OF THE 3RD |
Louisville Bats batting - Pitching for Colorado Springs Sky Sox : RHP Dave Spriggs
|
Batting: RHB Ryan Short
|
0-0: Called Strike 0-1: Ball 1-1: Ball 2-1: SINGLE (Groundball, 56D, EV 111.2 MPH)
|
Batting: RHB Dave Ruiz
|
0-0: Ball 1-0: Foul Ball, location: 2F 1-1: Ball 2-1: Ball 3-1: Fielders Choice at 2nd, 5-4 (Groundball, 56, EV 83.8 MPH)
|
Batting: RHB Matt Silva
|
0-0: Fielders Choice at 2nd, 3-6 (Groundball, 3S, EV 82.5 MPH)
|
Batting: SHB Bryan Johnston
|
0-0: Ball 1-0: Foul Ball, location: 2F 1-1: DOUBLE (Flyball, 8LXD, EV 108.1 MPH) Matt Silva to third Runner from 3rd tries for Home, SAFE, throw by CF to trailing runner, SAFE at third!
|
Batting: RHB Eric Sullivan
|
0-0: Fly out, F9 (Line Drive, 89M, EV 105.6 MPH)
|
Bottom of the 3rd over - 1 run, 2 hits, 0 errors, 1 left on base; Colorado Springs 1 - Louisville 1 |
TOP OF THE 4TH |
Colorado Springs Sky Sox batting - Pitching for Louisville Bats : RHP Sam Alexander
|
Batting: LHB Chris Salim
|
0-0: Ground out 6-3 (Groundball, 4, EV 86.9 MPH)
|
Batting: LHB Michael Krott
|
0-0: Ground out 6-3 (Groundball, 4MD, EV 84.4 MPH)
|
Batting: SHB Andy Vivas
|
0-0: Called Strike 0-1: Foul Ball, location: 2F 0-2: Ball 1-2: Ball 2-2: Ball 3-2: Strikes out looking
|
Top of the 4th over - 0 runs, 0 hits, 0 errors, 0 left on base; Colorado Springs 1 - Louisville 1 |
BOTTOM OF THE 4TH |
Louisville Bats batting - Pitching for Colorado Springs Sky Sox : RHP Dave Spriggs
|
Batting: SHB Greg Prime
|
0-0: SOLO HOME RUN (Flyball, 9D, EV 98.8 MPH), Distance : 410 ft
|
Batting: RHB Juan Reyes
|
0-0: Called Strike 0-1: Fly out, F9 (Line Drive, 9S, EV 98.8 MPH)
|
Batting: RHB Chase Briney
|
0-0: Ball 1-0: Foul Ball, location: 2F 1-1: Ball 2-1: Ball 3-1: Swinging Strike 3-2: Foul Ball, location: 2F 3-2: Strikes out swinging
|
Batting: RHB Colin Lord
|
0-0: Called Strike 0-1: Called Strike 0-2: Foul Ball, location: 2F 0-2: Ball 1-2: Foul Ball, location: 2F 1-2: Foul Ball, location: 2F 1-2: Ball 2-2: Foul Ball, location: 2F 2-2: Foul Ball, location: 2F 2-2: Ball 3-2: Base on Balls
|
Batting: RHB Ryan Short
|
0-0: Ball 1-0: Ball 2-0: Fly out, F8 (Flyball, 8RD, EV 88.1 MPH)
|
Bottom of the 4th over - 1 run, 1 hit, 0 errors, 1 left on base; Colorado Springs 1 - Louisville 2 |
TOP OF THE 5TH |
Colorado Springs Sky Sox batting - Pitching for Louisville Bats : RHP Sam Alexander
|
Batting: SHB Chris Besselman
|
0-0: Ball 1-0: Ball 2-0: Ball 3-0: Called Strike 3-1: Base on Balls
|
Batting: RHB Justin Williams
|
0-0: SINGLE (Groundball, 56D, EV 99.4 MPH) Chris Besselman to second
|
Batting: SHB Bobby Santor
|
0-0: Fielders Choice at 2nd, 1-6 (Groundball, 13S, EV 68.1 MPH) Chris Besselman to third
|
Batting: RHB Devine Adams
|
0-0: Foul Ball, location: 2F 0-1: Ball 1-1: SINGLE (Line Drive, 56, EV 106.2 MPH) Chris Besselman scores Bobby Santor to second
|
Batting: LHB Steve Gilliam
|
0-0: Ball 1-0: Called Strike 1-1: Ball Wild Pitch! Bobby Santor to third Devine Adams to second 2-1: Fly out, F8 (Flyball, 89S, EV 88.1 MPH)
|
Batting: RHB Ryan Rinaldi
|
0-0: Ball 1-0: Called Strike 1-1: Foul Ball, location: 2F 1-2: Foul Ball, location: 2F 1-2: SINGLE (Line Drive, 4MD, EV 96.9 MPH) Bobby Santor scores Devine Adams to third Runner from 3rd tries for Home, SAFE, throw by CF to home
|
Batting: LHB Chris Salim
|
0-0: Ball 1-0: Ball Ryan Rinaldi steals 2nd base 2-0: Foul Ball, location: 2F 2-1: Ball 3-1: SINGLE (Groundball, 34D, EV 96.9 MPH) Ryan Rinaldi to third Runner from 3rd tries for Home, SAFE, throw by RF to home
|
Pitching: RHP Gary King
|
|
Batting: LHB Michael Krott
|
0-0: Called Strike 0-1: Swinging Strike 0-2: Ball 1-2: Ball 2-2: SINGLE (Groundball, 4MS, EV 82.5 MPH) (infield hit) Chris Salim to second
|
Batting: SHB Andy Vivas
|
0-0: Foul Ball, location: 2F 0-1: Ball 1-1: Foul Ball, location: 2F 1-2: Foul Ball, location: 2F 1-2: Strikes out swinging
|
Top of the 5th over - 4 runs, 5 hits, 0 errors, 2 left on base; Colorado Springs 5 - Louisville 2 |
BOTTOM OF THE 5TH |
Louisville Bats batting - Pitching for Colorado Springs Sky Sox : RHP Dave Spriggs
|
Batting: RHB Dave Ruiz
|
0-0: Ball 1-0: Called Strike 1-1: Fly out, F9 (Flyball, 9LM, EV 83.8 MPH)
|
Batting: RHB Matt Silva
|
0-0: Called Strike 0-1: Ball 1-1: Ball 2-1: Called Strike 2-2: Foul Ball, location: 2F 2-2: Ball 3-2: Ground out 4-3 (Groundball, 4, EV 101.2 MPH)
|
Batting: SHB Bryan Johnston
|
0-0: SINGLE (Line Drive, 78M, EV 104.4 MPH)
|
Batting: RHB Eric Sullivan
|
0-0: Ball Bryan Johnston steals 2nd base (no throw) 1-0: Foul Ball, location: 2F 1-1: SINGLE (Groundball, 56D, EV 97.5 MPH) Bryan Johnston to third Runner from 3rd tries for Home, throw by LF and OUT! 7-2
|
Bottom of the 5th over - 0 runs, 2 hits, 0 errors, 1 left on base; Colorado Springs 5 - Louisville 2 |
TOP OF THE 6TH |
Colorado Springs Sky Sox batting - Pitching for Louisville Bats : RHP Gary King
|
Batting: SHB Chris Besselman
|
0-0: Called Strike 0-1: Called Strike 0-2: Foul Ball, location: 2F 0-2: DOUBLE (Line Drive, 78D, EV 94.4 MPH)
|
Batting: RHB Justin Williams
|
0-0: Foul Ball, location: 2F 0-1: Ball 1-1: Ground out 6-3 (Groundball, 6, EV 77.5 MPH)
|
Batting: SHB Bobby Santor
|
0-0: Intentional Walk
|
Batting: RHB Devine Adams
|
0-0: Fly out, F6 (Line Drive, 6, EV 61.9 MPH) Lined into DP, 6-4 (Line Drive, 6, EV 64.4 MPH)
|
Top of the 6th over - 0 runs, 1 hit, 0 errors, 1 left on base; Colorado Springs 5 - Louisville 2 |
BOTTOM OF THE 6TH |
Louisville Bats batting - Pitching for Colorado Springs Sky Sox : RHP Dave Spriggs
|
Pitching: RHP Victor Castillo
|
|
Batting: SHB Greg Prime
|
0-0: Ball 1-0: Swinging Strike 1-1: Swinging Strike 1-2: Ball 2-2: Ball 3-2: Base on Balls
|
Batting: RHB Juan Reyes
|
0-0: Called Strike 0-1: Ball 1-1: Ball 2-1: Foul Ball, location: 2F 2-2: Fielders Choice at 2nd, 6-4 (Groundball, 6, EV 96.9 MPH)
|
Batting: RHB Chase Briney
|
0-0: Ball 1-0: SINGLE (Popup, 5D, EV 69.4 MPH) Juan Reyes to second
|
Batting: RHB Colin Lord
|
0-0: Foul Ball, location: 2F 0-1: Fielders Choice at 2nd, 1-4 (Groundball, P, EV 63.8 MPH) Juan Reyes to third
|
Batting: RHB Ryan Short
|
0-0: Fielders Choice at 2nd, 6-4 (Groundball, 6, EV 87.5 MPH)
|
Bottom of the 6th over - 0 runs, 1 hit, 0 errors, 2 left on base; Colorado Springs 5 - Louisville 2 |
TOP OF THE 7TH |
Colorado Springs Sky Sox batting - Pitching for Louisville Bats : RHP Gary King
|
Batting: LHB Steve Gilliam
|
0-0: Ball 1-0: Called Strike 1-1: Ball 2-1: Ball 3-1: Foul Ball, location: 2F 3-2: Foul Ball, location: 2F 3-2: SINGLE (Line Drive, 6M, EV 96.2 MPH)
|
Batting: RHB Ryan Rinaldi
|
0-0: Ball 1-0: Called Strike Steve Gilliam is caught stealing 2nd base 2-4 1-1: Swinging Strike 1-2: Ball 2-2: Ball 3-2: Strikes out looking
|
Batting: LHB Chris Salim
|
0-0: Ground out 5-3 (Groundball, 5, EV 85.0 MPH)
|
Top of the 7th over - 0 runs, 1 hit, 0 errors, 0 left on base; Colorado Springs 5 - Louisville 2 |
BOTTOM OF THE 7TH |
Louisville Bats batting - Pitching for Colorado Springs Sky Sox : RHP Victor Castillo
|
Batting: RHB Dave Ruiz
|
0-0: Foul Ball, location: 2F 0-1: Foul Ball, location: 2F 0-2: Strikes out looking
|
Batting: RHB Matt Silva
|
0-0: Ball 1-0: Ball 2-0: Ball 3-0: Called Strike 3-1: Base on Balls
|
Batting: SHB Bryan Johnston
|
0-0: Called Strike 0-1: Foul Ball, location: 2F 0-2: Fielders Choice at 2nd, 5-4 (Groundball, 56, EV 98.8 MPH)
|
Batting: RHB Eric Sullivan
|
0-0: Called Strike 0-1: Called Strike 0-2: SINGLE (Groundball, 56D, EV 95.0 MPH) Bryan Johnston to second Bryan Johnston to third
|
Batting: SHB Greg Prime
|
0-0: Called Strike 0-1: Foul Ball, location: 2F 0-2: Ball 1-2: SINGLE (Popup, 4MD, EV 56.9 MPH) Bryan Johnston scores Eric Sullivan to second Runner from 2nd tries for 3rd, SAFE, throw by SS made to third
|
Batting: RHB Juan Reyes
|
0-0: Ball 1-0: Ball 2-0: Foul Ball, location: 2F 2-1: Foul Ball, location: 2F 2-2: Foul Ball, location: 2F 2-2: Foul Ball, location: 2F 2-2: Strikes out swinging
|
Bottom of the 7th over - 1 run, 2 hits, 0 errors, 2 left on base; Colorado Springs 5 - Louisville 3 |
TOP OF THE 8TH |
Colorado Springs Sky Sox batting - Pitching for Louisville Bats : RHP Gary King
|
Pitching: RHP Justin Ambrose
|
|
Batting: LHB Michael Krott
|
0-0: Ball 1-0: Ball 2-0: Called Strike 2-1: Fly out, F7 (Flyball, 7, EV 96.2 MPH)
|
Batting: SHB Andy Vivas
|
0-0: DOUBLE (Flyball, 78XD, EV 95.6 MPH)
|
Batting: SHB Chris Besselman
|
0-0: Intentional Walk
|
Batting: RHB Justin Williams
|
0-0: Called Strike 0-1: Foul Ball, location: 2F 0-2: SINGLE (Groundball, 56D, EV 105.6 MPH) Andy Vivas to third Chris Besselman to second
|
Batting: SHB Bobby Santor
|
0-0: Ball 1-0: SINGLE (Groundball, 34D, EV 102.5 MPH) Andy Vivas scores Chris Besselman to third Justin Williams to second Runner from 3rd tries for Home, SAFE, throw by RF to home
|
Batting: RHB Devine Adams
|
0-0: Ball 1-0: Grounds into double play, 5-4-3 (Groundball, 5, EV 84.4 MPH)
|
Top of the 8th over - 2 runs, 3 hits, 0 errors, 1 left on base; Colorado Springs 7 - Louisville 3 |
BOTTOM OF THE 8TH |
Louisville Bats batting - Pitching for Colorado Springs Sky Sox : RHP Victor Castillo
|
Pitching: RHP Trey Price
|
|
Batting: RHB Chase Briney
|
0-0: Called Strike 0-1: Fly out, F9 (Flyball, 9, EV 80.0 MPH)
|
Batting: RHB Colin Lord
|
0-0: Called Strike 0-1: Ball 1-1: Ball 2-1: Called Strike 2-2: Strikes out swinging
|
Batting: RHB Ryan Short
|
0-0: Ball 1-0: Ground out 1-3 (Groundball, 13S, EV 65.6 MPH)
|
Bottom of the 8th over - 0 runs, 0 hits, 0 errors, 0 left on base; Colorado Springs 7 - Louisville 3 |
TOP OF THE 9TH |
Colorado Springs Sky Sox batting - Pitching for Louisville Bats : RHP Justin Ambrose
|
Batting: LHB Steve Gilliam
|
0-0: Ball 1-0: Foul Ball, location: 2F 1-1: Ground out 4-3 (Groundball, 34, EV 100.0 MPH)
|
Batting: RHB Ryan Rinaldi
|
0-0: Called Strike 0-1: Ground out 4-3 (Groundball, 4, EV 79.4 MPH)
|
Batting: LHB Chris Salim
|
0-0: Ball 1-0: Called Strike 1-1: Ball 2-1: Ball 3-1: Swinging Strike 3-2: Foul Ball, location: 2F 3-2: Foul Ball, location: 2F 3-2: Strikes out swinging
|
Top of the 9th over - 0 runs, 0 hits, 0 errors, 0 left on base; Colorado Springs 7 - Louisville 3 |
BOTTOM OF THE 9TH |
Louisville Bats batting - Pitching for Colorado Springs Sky Sox : RHP Trey Price
|
Batting: RHB Dave Ruiz
|
0-0: Ground out 6-3 (Groundball, 6, EV 81.2 MPH)
|
Pinch Hitting: LHB Randy Racine
|
0-0: Called Strike 0-1: Ball 1-1: Ground out 4-3 (Groundball, 4, EV 86.9 MPH)
|
Batting: SHB Bryan Johnston
|
0-0: Called Strike 0-1: Swinging Strike 0-2: Ball 1-2: Strikes out swinging
|
Bottom of the 9th over - 0 runs, 0 hits, 0 errors, 0 left on base; Colorado Springs 7 - Louisville 3 |
|